Map: Submarine LE

Players

Massa

  • Race: Terran Terran
  • League: Platinum
  • Spawn Location: 11:00

Makiki - Winner!

  • Race: Zerg Zerg
  • Spawn Location: 5:00

VOD

Have the link to the VOD?

Description

Time

  • Played on: Oct. 22, 2020, 3:08 p.m.
  • Length: 13:23
Show
View Real Time Build Order
Export as new Build Order

Massa Terran 

Build Orders:  

Get SALT Encoding   

  12  0:02  SCV  
  13  0:14  SCV  
  13  0:20  Supply Depot  
  14  0:26  SCV  
  15  0:42  Refinery, SCV  
  16  0:45  Barracks  
  16  0:54  SCV  
  17  1:06  SCV  
  18  1:18  SCV  
  19  1:30  SCV  
  19  1:32  Reaper  
  21  1:42  Command Center  
  21  1:50  Orbital Command  
  21  2:13  Marine  
  22  2:17  SCV  
  22  2:21  Refinery  
  23  2:28  Factory  
  23  2:34  Supply Depot  
  23  2:50  Barracks Reactor  
  23  2:57  Supply Depot  
  23  2:58  Orbital Command  
  23  2:59  Supply Depot  
  23  3:01  SCV  
  24  3:05  Barracks  
  24  3:09  Barracks  
  24  3:13  SCV  
  25  3:25  SCV x2  
  27  3:36  Hellion  
  27  3:37  Hellion  
  31  3:42  SCV x2  
  31  3:43  Barracks Tech Lab  
  33  3:54  SCV x2  
  35  3:58  Hellion x2  
  35  4:01  Marine x2  
  41  4:03  Marine  
  42  4:16  Stimpack  
  42  4:18  Marine  
  42  4:19  Hellion, Marine  
  42  4:21  Marine  
  42  4:23  Hellion  
  49  4:36  Marine x2  
  51  4:39  Marauder  
  51  4:41  Hellion  
  51  4:44  Hellion  
  56  4:50  SCV x2  
  58  4:54  Marine x2  
  60  5:01  Marauder  
  60  5:05  Supply Depot  
  62  5:07  Supply Depot  
  62  5:12  Engineering Bay  
  62  5:16  Supply Depot  
  62  5:17  Barracks Reactor  
  62  5:27  Hellion x2, Marine  
  67  5:44  Marine  
  67  5:48  Marauder  
  67  5:49  Hellion x2  
  74  6:02  Marine  
  75  6:09  Marauder  
  62  6:20  Marine  
  57  6:31  Widow Mine x2  
  53  6:33  Marauder, Marine x2  
  55  6:40  Starport  
  55  6:41  Starport  
  55  6:42  Terran Infantry Weapons Level 1, Supply Depot  
  55  6:45  Starport  
  55  6:48  Armory  
  55  6:49  Command Center  
  55  6:52  Widow Mine  
  59  6:54  Marauder  
  59  7:03  Widow Mine  
  61  7:13  Widow Mine  
  65  7:15  Marauder  
  65  7:24  Widow Mine  
  67  7:35  Widow Mine  
  61  7:46  Widow Mine  
  63  7:54  Starport Tech Lab x3  
  63  7:56  Widow Mine  
  63  7:57  SCV x2  
  67  8:01  Refinery  
  67  8:03  Refinery  
  67  8:09  SCV x2  
  67  8:10  Missile Turret  
  69  8:16  Orbital Command, Missile Turret  
  69  8:19  Banshee x2  
  75  8:21  SCV x2  
  77  8:27  Cloaking Field  
  77  8:30  Banshee  
  77  8:32  Missile Turret  
  80  8:36  Barracks Reactor  
  80  8:39  Barracks, Missile Turret  
  80  8:42  Factory Tech Lab  
  80  8:54  Combat Shield  
  80  8:56  Marine  
  80  8:57  Marauder, Marine  
  80  9:00  Missile Turret  
  80  9:01  Banshee  
  87  9:09  Hyperflight Rotors  
  87  9:14  Marine x2  
  89  9:18  Marauder  
  91  9:32  Siege Tank  
  91  9:34  Marine x4  
  98  9:39  Marauder  
  100  9:51  Marine  
  100  9:52  Marine x3  
  104  9:53  Viking  
  106  10:01  Marauder  
  108  10:09  Marine  
  109  10:21  Marine  
  109  10:22  Marauder  
  109  10:31  Supply Depot  
  109  10:34  Supply Depot  
  101  10:37  Supply Depot  
  101  10:44  Marauder  
  97  10:52  Siege Tank  
  97  10:54  Marine  
  97  10:55  Marine x3  
  104  10:57  Terran Infantry Armor Level 1, Supply Depot  
  104  10:59  Supply Depot  
  104  11:00  Supply Depot  
  104  11:02  Engineering Bay  
  104  11:05  Marauder  
  106  11:12  Marine x2  
  106  11:13  Marine  
  109  11:18  SCV  
  109  11:19  SCV  
  109  11:23  Supply Depot  
  109  11:25  Siege Tank  
  110  11:26  Marauder  
  110  11:31  SCV  
  107  11:48  Marauder  
  107  11:52  Marine  
  107  11:53  Marine x3  
  103  12:09  Marauder  
  103  12:10  Marine x2  
  103  12:11  Marine  
  102  12:27  Medivac x3  
  103  12:31  Marauder  
  90  12:49  Marine  
  90  12:50  Marine x3  
  94  12:52  Marauder  
Show
View Real Time Build Order
Export as new Build Order

Makiki Zerg - Winner!

Build Orders: Hatch First 

Get SALT Encoding   

  12  0:00  Drone  
  13  0:13  Overlord  
  13  0:16  Drone  
  14  0:32  Drone x2  
  16  0:49  Hatchery  
  15  0:52  Drone  
  15  0:54  Drone  
  17  0:58  Drone  
  18  1:09  Extractor  
  17  1:13  Spawning Pool  
  16  1:20  Drone x2  
  18  1:31  Drone  
  19  1:41  Drone  
  20  1:51  Overlord  
  20  2:02  Queen x2  
  20  2:05  Zergling x4  
  26  2:11  Metabolic Boost  
  26  2:13  Drone x2  
  28  2:31  Extractor  
  28  2:33  Drone x2  
  28  2:34  Overlord  
  29  2:43  Hatchery  
  29  2:54  Queen  
  31  3:02  Overlord  
  31  3:04  Drone x2  
  33  3:05  Drone  
  33  3:08  Drone  
  35  3:32  Queen  
  35  3:33  Overlord  
  37  3:35  Drone x6  
  37  3:36  Drone  
  37  3:39  Drone  
  45  3:56  Extractor  
  45  3:57  Extractor  
  45  3:58  Baneling Nest  
  45  4:00  Drone x3  
  45  4:01  Drone, Evolution Chamber x2  
  45  4:02  Drone  
  45  4:04  Drone  
  45  4:09  Queen  
  46  4:16  Drone x2  
  46  4:17  Drone x2  
  51  4:19  Drone  
  53  4:29  Pneumatized Carapace  
  53  4:30  Zergling x6  
  53  4:31  Zergling x2  
  57  4:45  Lair  
  57  4:49  Extractor, Zergling x2  
  57  4:50  Zergling x12  
  63  4:54  Drone  
  63  4:55  Drone  
  63  4:57  Drone  
  63  4:59  Baneling  
  66  5:00  Baneling x4  
  66  5:08  Overlord x2  
  66  5:10  Overlord  
  66  5:28  Zerg Melee Weapons Level 1  
  66  5:29  Zerg Ground Armor Level 1  
  66  5:35  Baneling  
  66  5:36  Baneling x14  
  66  5:37  Zergling x2  
  66  5:38  Zergling x6  
  70  5:48  Zergling x10  
  70  5:49  Zergling x2  
  76  6:00  Zergling x14  
  68  6:29  Drone x10  
  76  6:41  Centrifical Hooks, Burrow  
  76  6:45  Drone, Hydralisk Den  
  76  6:46  Drone x2  
  78  6:49  Drone x3  
  78  6:50  Hatchery  
  80  7:02  Zergling x10  
  85  7:19  Drone x2  
  85  7:20  Drone, Extractor x2  
  85  7:21  Drone x3  
  87  7:42  Overlord  
  87  7:43  Overlord x5  
  87  7:44  Overlord  
  87  7:52  Grooved Spines  
  87  7:53  Infestation Pit  
  87  7:55  Zerg Missile Weapons Level 1, Zerg Ground Armor Level 2  
  86  7:58  Hatchery  
  86  7:59  Hydralisk x2  
  86  8:02  Overseer  
  89  8:20  Hydralisk x5  
  89  8:21  Hydralisk x2  
  89  8:27  Queen  
  103  8:28  Infestation Pit  
  103  8:32  Drone, Spore Crawler  
  103  8:33  Drone x4  
  108  8:34  Drone  
  109  8:49  Hydralisk  
  109  8:50  Hydralisk x3  
  109  8:51  Zergling x8  
  109  8:54  Baneling  
  109  8:55  Baneling x6  
  121  8:59  Spore Crawler  
  121  9:01  Spore Crawler  
  121  9:02  Queen  
  119  9:04  Muscular Augments  
  121  9:10  Hive  
  121  9:14  Lurker Den  
  120  9:19  Extractor  
  120  9:21  Drone, Spore Crawler  
  120  9:22  Drone x2  
  120  9:23  Drone x3  
  124  9:24  Extractor  
  124  9:25  Drone x3  
  124  9:27  Overlord  
  124  9:28  Overseer  
  126  9:48  Zerg Melee Weapons Level 2  
  126  10:03  Drone x2  
  126  10:04  Drone x6  
  126  10:05  Drone x4  
  126  10:06  Overlord x4  
  126  10:07  Overlord  
  138  10:10  Overseer  
  138  10:11  Hydralisk x5  
  140  10:50  Hydralisk x4  
  140  10:51  Hydralisk x3, Zergling x8  
  140  10:52  Hydralisk x2, Zergling x8  
  140  10:53  Hatchery, Hydralisk, Zergling x6  
  140  10:54  Zergling x2  
  171  11:06  Zerg Missile Weapons Level 2  
  162  11:56  Hatchery  
  143  12:24  Drone x5  
  143  12:25  Drone x19  
  140  13:12  Extractor x2  
  133  13:15  Spine Crawler, Spore Crawler  
  133  13:16  Spine Crawler  
  133  13:18  Spine Crawler  
Tags
 
League
Platinum
Matchup
TvZ
Replay Pack
Multiplayer
Spawn Locations
Cross Positions
Add a new tag
Caveats
  • Supply blocks, unpowered buildings, or Contaminate may cause inaccurate times.
  • Supply counts are checked every 10 seconds.